 Dungeon Crawl Stone Soup version 0.23.2-33-g5129a83184 (webtiles) character file.

Game seed: 3479673660116901256

8305 Folque the Frost Mage (level 11, -3/63 HPs)
             Began as an Octopode Ice Elementalist on July 5, 2019.
             Was a High Priest of Sif Muna.
             Shot with an arrow by a centaur (12 damage)
             ... on level 10 of the Dungeon.
             The game lasted 00:53:57 (12203 turns).

Folque the Frost Mage (Octopode Ice Elementalist)  Turns: 12203, Time: 00:53:58

Health: -3/63      AC:  2    Str:  8    XL:     11   Next: 28%
Magic:  9/28       EV: 17    Int: 20    God:    Sif Muna [*****.]
Gold:   621        SH:  0    Dex: 18    Spells: 1/20 levels left

rFire    . . .     SeeInvis .   E - +1 long sword (elec)
rCold    . . .     Gourm    .   (no shield)
rNeg     . . .     Faith    +   (helmet restricted)
rPois    .         Spirit   .   x - amulet of faith
rElec    .         Reflect  .   i - ring of magical power
rCorr    .         Harm     .   p - +5 ring of dexterity
MR       .....                  v - +1 ring of protection
Stlth    ++++......             K - ring of flight
HPRegen  0.20/turn              (no ring)
MPRegen  0.21/turn              (no ring)
                                (no ring)
                                (no ring)

@: divine energy
A: almost no armour, stealthy swim, amphibious, 8 rings, constrict 8, camouflage
1, gelatinous body 1
a: Stop Divine Energy, Channel Magic, Forget Spell, Renounce Religion, Evoke
Flight


You were on level 10 of the Dungeon.
You worshipped Sif Muna.
Sif Muna was extremely pleased with you.
You were not hungry.

You visited 2 branches of the dungeon, and saw 11 of its levels.
You also visited: Sewer.

You collected 621 gold pieces.

Inventory:

Hand Weapons
 c - a +0 dagger
 m - a +3 whip of draining
 n - a +1 mace of protection
 z - a cursed -3 short sword
 E - a +1 long sword of electrocution (weapon)
 N - a +0 hunting sling
Missiles
 J - 2 throwing nets (quivered)
 O - 29 sling bullets
Armour
 B - a +0 buckler
Jewellery
 i - a ring of magical power (left tentacle)
 p - a +5 ring of dexterity (right tentacle)
 v - a +1 ring of protection (on tentacle)
 x - an amulet of faith (around mantle)
 K - a ring of flight (on tentacle)
Wands
 a - a wand of enslavement (13)
 y - a wand of polymorph (12)
 F - a wand of flame (15)
 M - a wand of iceblast (7)
 Q - a wand of clouds (1)
Scrolls
 d - 2 scrolls of remove curse
 e - 14 scrolls of identify
 h - 2 scrolls of fog
 j - 5 scrolls of amnesia
 l - a scroll of blinking {unknown}
 r - a scroll of immolation {unknown}
 w - 6 scrolls of teleportation
 A - a scroll of vulnerability {unknown}
 D - a scroll of random uselessness {unknown}
 G - 2 scrolls of magic mapping
 P - a scroll of enchant weapon {unknown}
 R - a scroll of fear {unknown}
Potions
 f - 2 potions of berserk rage
 g - a potion of cancellation {unknown}
 k - a potion of lignification
 o - 2 potions of haste {unknown}
 q - 3 potions of degeneration
 s - 2 potions of heal wounds {unknown}
 t - 4 potions of agility
 u - 3 potions of might
 C - a potion of ambrosia {unknown}
 H - a potion of magic {unknown}
 I - a potion of brilliance {unknown}
 L - a potion of mutation {unknown}
Comestibles
 b - 14 rations


   Skills:
 - Level 1.0 Fighting
 - Level 5.3 Dodging
 - Level 6.0 Stealth
 * Level 5.4 Spellcasting
 - Level 6.2 Conjurations
 - Level 8.2 Summonings
 - Level 9.0 Ice Magic
 * Level 4.8 Air Magic
 - Level 5.0 Invocations


You had one spell level left.
You knew the following spells:

 Your Spells              Type           Power        Failure   Level  Hunger
a - Freeze                Ice            ####         1%          1    None
b - Throw Frost           Conj/Ice       #####.       1%          2    None
c - Ozocubu's Armour      Chrm/Ice       ###.....     5%          3    ##.....
d - Summon Ice Beast      Ice/Summ       #####...     3%          4    ####...
e - Call Imp              Summ           #####...     1%          2    None
f - Mephitic Cloud        Conj/Pois/Air  ###.....     8%          3    ##.....
g - Summon Lightning Spi  Summ/Air       ####....     8%          4    ####...

Your spell library contained the following spells:

 Spells                   Type           Power        Failure   Level  Hunger
 Magic Dart               Conj           ####         1%          1    None
 Summon Small Mammal      Summ           ####         1%          1    None
 Animate Skeleton         Necr           N/A          11%         1    None
 Call Canine Familiar     Summ           #####...     1%          3    ##.....
 Throw Icicle             Conj/Ice       #####...     4%          4    ####...
 Summon Guardian Golem    Hex/Summ       ###.....     6%          3    ##.....
 Conjure Flame            Conj/Fire      ###.....     10%         3    ##.....
 Summon Demon             Summ           #####.....   11%         5    #####..
 Blink                    Tloc           N/A          17%         2    None
 Slow                     Hex            #.......     17%         2    None
 Summon Mana Viper        Hex/Summ       ###.....     50%         5    #####..
 Shadow Creatures         Summ           N/A          50%         6    #######
 Iskenderun's Battlesphe  Conj/Chrm      ###.....     65%         5    #####..
 Venom Bolt               Conj/Pois      ###.......   65%         5    #####..
 Freezing Cloud           Conj/Ice/Air   ####......   73%         6    #######
 Bolt of Magma            Conj/Fire/Erth ##........   78%         5    #####..
 Iron Shot                Conj/Erth      ###.......   99%         6    #######
 Spellforged Servitor     Conj/Summ      ####......   99%         7    #######
 Orb of Destruction       Conj           ####......   100%        7    #######
 Chain Lightning          Conj/Air       ####......   100%        8    #######


Dungeon Overview and Level Annotations

Branches:
Dungeon (10/15)            Temple (1/1) D:5            Lair (0/6) D:8
    Orc: D:9-12

Altars:
Ashenzari
Cheibriados
Dithmenos
Elyvilon
Fedhas
Gozag
Hepliaklqana
Kikubaaqudgha
Makhleb
Nemelex Xobeh
Okawaru
Qazlal
Ru
Sif Muna
Trog
Uskayaw
Vehumet
Wu Jian
Xom
Yredelemnul
Zin
The Shining One
Jiyva

Shops:
D:7 (


Innate Abilities, Weirdness & Mutations

You cannot wear most types of armour.
You are very stealthy in the water. (Stealth+)
You are amphibious.
You can wear up to eight rings at the same time.
You can use your tentacles to constrict eight enemies at once.
Your skin changes colour to match your surroundings (Stealth+).
Your rubbery body absorbs attacks. (AC +1, EV +1)


Message History

Casting: Throw Frost (safe; 1% risk of failure)
Confirm with . or Enter, or press ? or * to list all spells.
You can't see any susceptible monsters within range! (Use Z to cast anyway.)
Casting: Throw Frost (safe; 1% risk of failure)
Confirm with . or Enter, or press ? or * to list all spells.
A film of ice covers your body!
The centaur shouts!
The centaur wields a +0 shortbow.
The centaur shoots an arrow.
The arrow hits you!
Unknown command.
Your icy armour cracks and falls away as you move.
The centaur shoots an arrow.
The arrow hits you!
* * * LOW HITPOINT WARNING * * *
Things that are here:
an arrow; a yak corpse
Okay, then.
Things that are here:
a +0 dagger; a cursed +0 cloak The centaur shoots an arrow.
The arrow hits you!
You die...

.....≈≈≈≈.. ....≈≈c..#
#......# #....(.#
####.### #(#############
#.............#
#).........##.#
#######@..........#.##
.....................#
######...............###
#..................
##............8....
#.)........#......
#.................
#..........#......
##'###############


You could see a centaur.

Vanquished Creatures
  A two-headed ogre (D:9)
  A lindwurm (D:10)
  Pikel (D:5)
  Joseph (D:7)
  A polar bear (D:10)
  A hippogriff (D:8)
  A yak (D:7)
  A hungry ghost (D:9)
  2 hogs (D:7)
  A water moccasin (D:6)
  2 orc warriors
  A slave (D:5)
  A sky beast (D:10)
  4 phantoms
  3 ogres
  A necrophage (D:9)
  2 big kobolds (D:8)
  A crocodile (Sewer)
  A gnoll sergeant (D:8)
  5 bullfrogs
  A water moccasin zombie (D:6)
  3 scorpions
  A wyvern skeleton (D:7)
  2 killer bees (D:9)
  3 wights (D:9)
  A howler monkey (D:5)
  2 hounds (D:7)
  3 orc priests
  2 orc wizards
  4 bullfrog skeletons
  A centaur skeleton (D:5)
  4 iguanas
  6 worker ants
  Robin (D:2)
  2 worker ant zombies
  11 adders
  7 gnolls
  A howler monkey skeleton (D:8)
  A hound simulacrum (D:10)
  A river rat (D:5)
  4 shadow imps
  An ooze (D:2)
  An adder zombie (D:5)
  2 adder skeletons
  4 worms
  4 dart slugs
  8 leopard geckos
  20 orcs
  3 ball pythons
  6 bats
  4 giant cockroaches
  16 goblins
  10 hobgoblins
  11 jackals
  6 quokkas
  9 frilled lizards
  A giant cockroach zombie (D:5)
  A jackal zombie (D:7)
  18 kobolds
  A quokka skeleton (D:4)
  A quokka zombie (D:6)
  10 rats
230 creatures vanquished.

Vanquished Creatures (collateral kills)
  Harold (D:7)
  3 lindwurms (D:10)
  Maurice (D:10)
  A polar bear (D:10)
  A hippogriff (D:10)
  2 centaur simulacra (D:10)
  A yak (D:10)
  A hog (D:7)
  A human (D:7)
  A hungry ghost (D:10)
  2 wargs (D:8)
  A water moccasin (D:5)
  An orc warrior (D:10)
  An ice beast (D:5)
  2 sky beasts (D:6)
  A phantom (D:10)
  3 ogres
  2 bullfrogs
  4 killer bees (D:10)
  7 wights
  A crimson imp (D:6)
  An orc priest (D:8)
  A jelly (D:5)
  A centaur skeleton (D:6)
  2 orc wizards (D:6)
  A bullfrog skeleton (D:7)
  2 bullfrog simulacra (D:10)
  A hound skeleton (D:8)
  A worker ant zombie (D:6)
  4 gnolls (D:8)
  2 river rats (D:5)
  A white imp (D:10)
  A howler monkey simulacrum (D:10)
  A worker ant simulacrum (D:10)
  An ufetubus (D:10)
  8 orcs
  A leopard gecko skeleton (D:5)
  A rat (D:5)
68 creatures vanquished.

Grand Total: 298 creatures vanquished

Notes
Turn   | Place    | Note
-------+----------+-------------------------------------------
     0 | D:1      | Folque the Octopode Ice Elementalist began the quest for
                  | the Orb.
     0 | D:1      | Reached XP level 1. HP: 11/11 MP: 3/3
   206 | D:1      | Reached XP level 2. HP: 13/18 MP: 5/5
   297 | D:1      | Learned a level 2 spell: Throw Frost
   400 | D:1      | Reached skill level 1 in Fighting
   414 | D:1      | Reached XP level 3. HP: 22/23 MP: 7/7
  1231 | D:2      | Learned a level 3 spell: Ozocubu's Armour
  1375 | D:2      | Reached XP level 4. HP: 28/28 MP: 0/8
  1578 | D:2      | Noticed Robin
  1625 | D:2      | Killed Robin
  1971 | D:2      | Reached XP level 5. HP: 33/33 MP: 8/10
  2078 | D:2      | Learned a level 4 spell: Summon Ice Beast
  2123 | D:2      | Reached skill level 4 in Ice Magic
  2240 | D:3      | Found a shimmering altar of Xom.
  2488 | D:3      | Found an opulent altar of Gozag.
  2926 | D:4      | Noticed an ogre
  2983 | D:4      | Killed an ogre
  2983 | D:4      | Reached skill level 1 in Summonings
  2983 | D:4      | Reached XP level 6. HP: 36/38 MP: 9/12
  3626 | D:4      | Found an opulent altar of Gozag.
  3732 | D:4      | Found a deep blue altar of Sif Muna.
  3732 | D:4      | Found an ancient bone altar of Kikubaaqudgha.
  3734 | D:4      | Found a radiant altar of Vehumet.
  3736 | D:4      | Identified Kikubaaqudgha's Guide on Stolen Souls
  3844 | D:4      | Became a worshipper of Sif Muna the Loreminder
  4142 | D:5      | Entered Level 5 of the Dungeon
  4162 | D:5      | Reached XP level 7. HP: 37/43 MP: 13/13
  4322 | D:5      | Reached skill level 5 in Ice Magic
  4421 | D:5      | Reached skill level 5 in Stealth
  4476 | D:5      | Noticed Pikel
  4580 | D:5      | Found a hide-covered altar of Uskayaw.
  4601 | D:5      | Reached XP level 8. HP: 28/48 MP: 6/14
  4689 | D:5      | Found a glowing drain.
  4698 | Sewer    | Entered a sewer
  4842 | Sewer    | Reached * piety under Sif Muna
  4842 | Sewer    | Reached skill level 5 in Summonings
  5030 | D:5      | Killed Pikel
  5030 | D:5      | Reached skill level 6 in Ice Magic
  5401 | D:5      | Found a staircase to the Ecumenical Temple.
  5410 | Temple   | Entered the Ecumenical Temple
  5791 | D:6      | Found a white marble altar of Elyvilon.
  5823 | D:6      | Reached ** piety under Sif Muna
  5925 | D:6      | Reached XP level 9. HP: 32/53 MP: 15/15
  6025 | D:6      | Reached skill level 7 in Ice Magic
  6432 | D:6      | Learned a level 2 spell: Call Imp
  6436 | D:6      | Learned a level 3 spell: Mephitic Cloud
  6675 | D:7      | Reached skill level 8 in Ice Magic
  6679 | D:7      | Reached *** piety under Sif Muna
  7185 | D:7      | Noticed Harold
  7363 | D:7      | Found Noledd's Weapon Emporium.
  7367 | D:7      | Reached skill level 1 in Invocations
  7388 | D:7      | Noticed Joseph
  7643 | D:7      | Killed Joseph
  7643 | D:7      | Reached XP level 10. HP: 27/58 MP: 16/16
  7823 | D:7      | Killed Harold
  7823 | D:7      | Reached skill level 5 in Dodging
  7823 | D:7      | Reached skill level 5 in Conjurations
  8210 | D:8      | Found a bloodstained altar of Trog.
  8210 | D:8      | Found an ornate altar of the Wu Jian Council.
  8211 | D:8      | Found a sparkling altar of Nemelex Xobeh.
  8242 | D:8      | Found a staircase to the Lair.
  8590 | D:8      | HP: 2/58 [big kobold/+1 short sword of electrocution (10)]
  8614 | D:8      | Found a glowing silver altar of Zin.
  8853 | D:8      | Found an iron altar of Okawaru.
  9157 | D:8      | Reached **** piety under Sif Muna
  9164 | D:8      | Reached skill level 9 in Ice Magic
  9241 | D:8      | Found a shadowy altar of Dithmenos.
  9510 | D:9      | Noticed a two-headed ogre
  9522 | D:9      | Killed a two-headed ogre
 10563 | D:10     | Entered Level 10 of the Dungeon
 10691 | D:10     | Reached skill level 5 in Spellcasting
 10899 | D:9      | Reached skill level 5 in Invocations
 11266 | D:10     | Learned a level 4 spell: Summon Lightning Spire
 11323 | D:10     | Reached skill level 1 in Air Magic
 11447 | D:10     | Reached XP level 11. HP: 21/63 MP: 18/18
 11737 | D:10     | Noticed a lindwurm
 11741 | D:10     | Noticed a lindwurm
 11747 | D:10     | Noticed a lindwurm
 11759 | D:10     | Noticed a lindwurm
 11809 | D:10     | Killed a lindwurm
 11809 | D:10     | Killed a lindwurm
 11980 | D:10     | Killed a lindwurm
 11980 | D:10     | Reached ***** piety under Sif Muna
 12033 | D:10     | Killed a lindwurm
 12033 | D:10     | Identified Sif Muna's Reference Book on the Aerial Escort
                  | (Sif Muna gifted it to you on level 10 of the Dungeon)
 12033 | D:10     | Received a gift from Sif Muna
 12096 | D:10     | Noticed Maurice
 12110 | D:10     | Killed Maurice
 12203 | D:10     | Shot with an arrow by a centaur

Skill      XL: |  1  2  3  4  5  6  7  8  9 10 11 |
---------------+----------------------------------+-----
Fighting       | 1 |  1.0
Spellcasting   | 3 4 5 |  5.4
Ice Magic      | 4 5 6 8 9 |  9.0
Stealth        | 3 4 5 6 |  6.0
Summonings     | 1 2 4 7 8 |  8.2
Dodging        | 4 5 |  5.3
Conjurations   | 4 6 |  6.2
Invocations    | 2 5 |  5.0
Air Magic      | 2 4 |  4.8

Action                   |  1- 3 |  4- 6 |  7- 9 | 10-12 || total
-------------------------+-------+-------+-------+-------++-------
Melee: Unarmed           |     9 |       |       |       ||     9
       Constrict         |    20 |    45 |    37 |    29 ||   131
       Dagger            |    61 |    44 |       |       ||   105
       Tentacles         |    10 |    23 |    41 |    23 ||    97
       Mace              |       |    88 |    58 |       ||   146
       Whip              |       |     1 |       |       ||     1
       Long sword        |       |       |    86 |    87 ||   173
 Cast: Freeze            |    11 |    28 |    21 |    13 ||    73
       Throw Frost       |     2 |    22 |    44 |    52 ||   120
       Ozocubu's Armour  |     1 |    14 |    29 |    17 ||    61
       Summon Ice Beast  |       |       |    19 |    55 ||    74
       Call Imp          |       |       |     8 |    24 ||    32
       Mephitic Cloud    |       |       |     5 |     5 ||    10
       Summon Lightning  |       |       |       |    11 ||    11
Invok: Channel Magic     |       |       |       |     1 ||     1
       Divine Energy     |       |       |       |     1 ||     1
Evoke: Wand              |       |       |       |     5 ||     5
  Use: Scroll            |       |     5 |     2 |     5 ||    12
       Potion            |       |       |     2 |     3 ||     5
 Stab: Sleeping          |    14 |    11 |    17 |     5 ||    47
       Distracted        |       |     1 |     2 |       ||     3
       Confused          |       |       |     2 |       ||     2
  Eat: Chunk             |     1 |    10 |    10 |    10 ||    31
       Ration            |       |       |     3 |     6 ||     9
Armor: Skin              |     3 |    44 |    32 |    17 ||    96
Dodge: Dodged            |    43 |    96 |   152 |   118 ||   409
       Rpst.: Long sword |       |       |    23 |    33 ||    56
